 Dungeon Crawl Stone Soup version 0.31-a0-237-g2d982f9f85 (webtiles) character file.

Game seed: 11702029235596934195

49 qw the Shooter (level 3, -1/29 HPs)
             Began as a Minotaur Hexslinger on July 10, 2023.
             Slain by an ice beast (2 damage)
             ... on level 3 of the Dungeon.
             The game lasted 00:00:29 (1516 turns).

qw the Shooter (Minotaur Hexslinger)                Turns: 1516, Time: 00:00:30

Health: -1/29      AC:  5    Str: 12    XL:     3   Next: 53%
Magic:  3/3        EV: 11    Int: 10    God:
Gold:   119        SH:  0    Dex: 14    Spells: 3/4 levels left

rFire   . . .        Y - +1 sling (drain)
rCold   . . .        (no shield)
rNeg    . . .        b - +0 ring mail
rPois   .            (helmet restricted)
rElec   .            (no cloak)
rCorr   .            (no gloves)
SInv    .            (no boots)
Will    .....        (no amulet)
Stlth   +            (no ring)
HPRegen 0.24/turn    (no ring)
MPRegen 0.08/turn

%: no passive effects
@: no status effects
A: horns 2, retaliatory headbutt
a: no special abilities


You were on level 3 of the Dungeon.
You visited 1 branch of the dungeon, and saw 3 of its levels.

You collected 119 gold pieces.


Innate Abilities, Weirdness & Mutations

You have a pair of horns on your head.
You reflexively headbutt those who attack you in melee.


   Skills:
 - Level 2.0 Fighting
 - Level 4.0 Ranged Weapons
 + Level 0.4 Armour
 - Level 2.1 Dodging
 - Level 1.0 Spellcasting
 - Level 2.0 Hexes


You had 3 spell levels left.
You knew the following spells:

 Your Spells              Type           Power      Damage    Failure   Level
a - Slow                  Hex            16%        N/A       34%         1

Your spell library contained the following spells:

 Spells                   Type           Power      Damage    Failure   Level
 Inner Flame              Hex/Fire       2%         N/A       83%         3
 Portal Projectile        Hex/Tloc       4%         N/A       83%         3
 Cause Fear               Hex            2%         N/A       98%         4

Inventory:

Hand Weapons
 c - a +2 sling
 Y - a +1 sling of draining (weapon)
Armour
 b - a +0 ring mail (worn)
Scrolls
 d - a scroll of identify
 e - a scroll of teleportation {unknown}
Potions
 a - a potion of curing {unknown}

Dungeon Overview and Level Annotations

Branches:
Dungeon (3/15)

Altars:
Gozag
Wu Jian

Shops:
D:1 *


Message History

Enter note: An ice beast comes into view.
Enter note: You shoot a sling bullet.
The sling bullet closely misses the ice beast.
The ice beast hits you. The ice beast freezes you!
You shoot a sling bullet.
The sling bullet barely misses the ice beast.
The ice beast hits you but does no damage.
You shoot a sling bullet.
The sling bullet barely misses the ice beast.
The ice beast barely misses you. You furiously retaliate!
You headbutt the ice beast. You shoot a sling bullet.
The sling bullet hits the ice beast but does no damage.
You drain the ice beast.
The ice beast is lightly wounded.
The ice beast barely misses you.
The ice beast hits you but does no damage.
You shoot a sling bullet.
The sling bullet barely misses the ice beast.
The ice beast closely misses you.
You shoot a sling bullet.
The sling bullet hits the ice beast but does no damage.
You drain the ice beast.
The ice beast is moderately wounded.
The ice beast hits you but does no damage.
You shoot a sling bullet.
The sling bullet hits the ice beast but does no damage.
The ice beast is lightly wounded.
The ice beast hits you. The ice beast freezes you!
The ice beast closely misses you. You furiously retaliate!
You headbutt the ice beast! You shoot a sling bullet.
The sling bullet barely misses the ice beast.
The ice beast hits you. The ice beast freezes you!
You shoot a sling bullet.
The sling bullet closely misses the ice beast.
The ice beast hits you.
You die...

#.##.###.##.######..#.###.#
# #.# #..#.# .# #.# #
#..#.### # #.###.##.
#......#
#.<....#.######.######
#####..#..........#
..........#.#
#..#.#........#
.......@..###.# ...#.#.Y###
.# #..... # ##...## ......
.....## ..#... ......


You could see an ice beast (very drained).

Vanquished Creatures
  An adder (D:2)
  2 dart slugs
  4 endoplasms
  A giant cockroach (D:1)
  A goblin (D:2)
  5 hobgoblins
  2 jackals (D:3)
  6 ball pythons
  5 bats
  3 frilled lizards
  A kobold (D:1)
  7 rats
38 creatures vanquished.

Notes
Turn   | Place    | Note
-------+----------+-------------------------------------------
     0 | D:1      | qw the Minotaur Hexslinger began the quest for the Orb.
     0 | D:1      | Reached XP level 1. HP: 16/16 MP: 1/1
     0 | D:1      | 0 ||| qw: Version: 0.3-a-52-g30416fa
     0 | D:1      | 0 ||| qw: Game counter: 5155
     0 | D:1      | 0 ||| qw: Melee chars always use a shield: true
     0 | D:1      | 0 ||| qw: God list: Okawaru
     0 | D:1      | 0 ||| qw: Allow faded altars: false
     0 | D:1      | 0 ||| qw: Do Orc after clearing Dungeon:15 true
     0 | D:1      | 0 ||| qw: Do second Lair branch before Depths: true
     0 | D:1      | 0 ||| qw: Lair rune preference: random
     0 | D:1      | 0 ||| qw: Goals: Normal
     0 | D:1      | 0 ||| PLANNING D:1-11
   129 | D:1      | Reached skill level 3 in Ranged Weapons
   136 | D:1      | Reached XP level 2. HP: 23/23 MP: 2/2
   318 | D:1      | Found Julesumn's General Store.
   326 | D:1      | 326 ||| SHOPLISTING +6 ring of dexterity (432 gold, have
                  | 30).
   326 | D:1      | 326 ||| SHOPLISTING potion of heal wounds (60 gold, have
                  | 30).
   326 | D:1      | 326 ||| SHOPLISTING potion of might (48 gold, have 30).
   500 | D:1      | 500 ||| UPGRADING to +0 leather armour.
   510 | D:1      | 510 ||| DROPPING +0 robe.
   511 | D:1      | 511 ||| READING scroll labelled FYGAGR TAOLI.
   512 | D:1      | 512 ||| DROPPING scroll of poison.
   739 | D:2      | Found a faded altar of an unknown god.
   746 | D:2      | Reached XP level 3. HP: 29/29 MP: 3/3
   975 | D:2      | 975 ||| SWAPPING to +1 sling of draining.
  1016 | D:2      | Found an ornate altar of the Wu Jian Council.
  1355 | D:2      | Reached skill level 4 in Ranged Weapons
  1375 | D:2      | 1375 ||| UPGRADING to +0 ring mail.
  1385 | D:2      | 1385 ||| DROPPING +0 leather armour.
  1386 | D:2      | 1386 ||| READING scroll labelled KAICVIAROM.
  1387 | D:2      | 1387 ||| READING scroll labelled GAENNIO TICISSUI.
  1388 | D:2      | 1388 ||| READING scroll labelled ULAEKLU ATZEJ.
  1454 | D:3      | Found an opulent altar of Gozag.
  1507 | D:3      | Noticed an ice beast
  1515 | D:3      | HP: 1/29 [ice beast (7)]
  1516 | D:3      | Slain by an ice beast

Levels and vault maps discovered:
D:1:      zelgadis_glass_arrival_small, layout_loops_cross, serial_shops,
          nicolae_lakefront_shop
D:2:      layout_loops_corners, basic_altar, serial_aquarium,
          aquarium_bridge_island_small [aquarium_subvault_small_open,
          aquarium_subvault_wall, aquarium_subvault_bridge,
          aquarium_subvault_bridge, aquarium_subvault_wall], aquarium_window_1,
          aquarium_window_2, aquarium_view_2e, aquarium_view_2d,
          aquarium_balcony_3b, aquarium_pool_2,
          nicolae_ecumenical_snake_handling
D:3:      layout_basic, kiku_gazebo_garden_becter, nicolae_gozag_seed_capital,
          minmay_liquid_box, lightli_corner_chamber, uniq_sigmund, uniq_jessica

Skill      XL: |  1  2  3 |
---------------+----------+-----
Ranged Weapons | 3 4 |  4.0
Fighting       | 2 |  2.0
Armour         | |  0.4
Dodging        | |  2.1
Spellcasting   | |  1.0
Hexes          | |  2.0

Action                     || total
---------------------------++-------
   Fire: Sling             ||    88
    Use: Scroll            ||     4
 Armour: Robe              ||     4
         Ring mail         ||     3
  Dodge: Dodged            ||    15

Table legend:
 A = Non-vault XP
 B = Vault XP
 C = Vault XP percentage of total XP
 D = Non-vault monster count
 E = Vault monster count
 F = Vault count percentage of total count
                 A         B        C        D         E       F
            +---------+---------+-------+---------+---------+-------
      Total |      65 |       6 |   8.5 |      34 |       4 |  10.5
            +---------+---------+-------+---------+---------+-------
        D:1 |      30 |       0 |   0.0 |      20 |       0 |   0.0
        D:2 |      31 |       6 |  16.2 |      12 |       4 |  25.0
        D:3 |       4 |       0 |   0.0 |       2 |       0 |   0.0
            +---------+---------+-------+---------+---------+-------
